 Dungeon Crawl Stone Soup version 0.27-a0-686-gaed091b46b (webtiles) character file.

Game seed: 11182303573908982270

1319 jasper the Chopper (level 8, -5/61 HPs)
             Began as a Demonspawn Delver on Mar 21, 2021.
             Was a Follower of Okawaru.
             Slain by an orc warrior
             ... wielding a +0 hand axe
              (12 damage)
             ... on level 7 of the Dungeon.
             The game lasted 00:13:55 (8176 turns).

jasper the Chopper (Demonspawn Delver)              Turns: 8176, Time: 00:13:55

Health: -5/61      AC: 11    Str: 15      XL:     8   Next: 33%
Magic:  6/8        EV: 15    Int: 12      God:    Okawaru [*.....]
Gold:   217        SH:  0    Dex: 12 (14) Spells: 7/7 levels left

rFire    + . .     SeeInvis .   r - +0 war axe
rCold    . . .     Faith    +   (no shield)
rNeg     . . .     Spirit   .   b - +0 leather armour
rPois    .         Reflect  .   i - +1 helmet
rElec    .         Harm     .   A - +0 cloak
rCorr    .         Rampage  .   (no gloves)
Will     .....                  (no boots)
Stlth    ++++......             u - amulet of faith
HPRegen  0.20/turn              (no ring)
MPRegen  0.11/turn              (no ring)

@: heroic
A: molten scales 3, demonic magic 1
a: Renounce Religion, Heroism


You were on level 7 of the Dungeon.
You worshipped Okawaru.
Okawaru was aware of your devotion.
You visited 2 branches of the dungeon, and saw 9 of its levels.

You collected 217 gold pieces.

Inventory:

Hand Weapons
 a - a +1 hand axe
 j - a +2 short sword of venom
 r - a +0 war axe (weapon)
 x - a +5 flail
Missiles
 e - 19 poisoned darts
 f - 4 boomerangs (quivered)
 l - 4 atropa-tipped darts
 o - 69 stones
Armour
 b - a +0 leather armour (worn)
 i - a +1 helmet (worn)
 A - a +0 cloak (worn)
Jewellery
 h - an amulet of the acrobat
 u - an amulet of faith (around neck)
Wands
 g - a wand of digging (6)
 q - a wand of paralysis (1)
Scrolls
 c - 4 scrolls of fog
 d - a scroll of magic mapping
 m - a scroll of blinking
 n - a scroll of enchant armour
 s - a scroll of enchant weapon
 y - a scroll of random uselessness
Potions
 k - a potion of resistance
 p - a potion of flight
 w - a potion of cancellation
 z - a potion of degeneration {unknown}
 B - a potion of attraction {unknown}


   Skills:
 + Level 4.8(9.8) Fighting
 * Level 7.3(12.3) Axes
 + Level 3.2(8.2) Armour
 + Level 3.8(8.8) Dodging
 - Level 4.5(9.5) Stealth


You had 7 spell levels left.
You didn't know any spells.
Your spell library contained the following spells:

 Spells                   Type           Power      Damage    Failure   Level
 Magic Dart               Conj           0%         1d3       36%         1
 Blink                    Tloc           N/A        N/A       52%         2
 Call Imp                 Summ           0%         N/A       52%         2
 Slow                     Hex            0%         N/A       52%         2
 Conjure Flame            Conj/Fire      0%         6-21      75%         3
 Mephitic Cloud           Conj/Pois/Air  0%         N/A       75%         3


Dungeon Overview and Level Annotations

Branches:
Dungeon (8/15)             Temple (1/1) D:5
   Lair: D:8-11

Altars:
Ashenzari
Dithmenos
Elyvilon
Fedhas
Gozag
Hepliaklqana
Kikubaaqudgha
Makhleb
Nemelex Xobeh
Okawaru
Qazlal
Ru
Sif Muna
Trog
Vehumet
Wu Jian
Yredelemnul
The Shining One

Annotations:
D:2 exclusion: 2 adders
D:3 Sigmund


Innate Abilities, Weirdness & Mutations

You are completely covered in molten scales. (AC +4, rF+)
Spells you cast may paralyse adjacent enemies.


Message History

The orc warrior is moderately wounded.
You miss the orc wizard.
The orc warrior hits you with a +0 hand axe!!
The orc wizard closely misses you.
You take 17 damage, and have 26/61 hp.
MASSIVE DAMAGE!!
You feel less confused.
You closely miss the orc wizard.
The orc wizard is severely wounded.
You closely miss the orc warrior. The orc wizard completely misses you.
The orc warrior barely misses you.
MP restored: 8 You gain the combat prowess of a mighty hero.
The orc wizard hits you but does no damage.
The orc warrior closely misses you.
You now have 6/8 mp.
You closely miss the orc wizard.
The orc wizard is severely wounded.
You barely miss the orc warrior.
The orc warrior hits you with a +0 hand axe!
* * * LOW HITPOINT WARNING * * *
The orc wizard completely misses you.
You take 16 damage, and have 11/61 hp.
MASSIVE DAMAGE!!
You completely miss the orc wizard.
The orc wizard is severely wounded.
You hit the orc warrior but do no damage.
The orc wizard completely misses you. The orc warrior closely misses you.
You hit the orc wizard but do no damage.
Your punch misses the orc wizard.
The orc wizard is severely wounded.
You barely miss the orc warrior.
The orc wizard hits you with a +0 dagger.
* * * LOW HITPOINT WARNING * * *
The orc warrior barely misses you.
You take 5 damage, and have 6/61 hp.
You completely miss the orc wizard.
The orc wizard is severely wounded.
You hit the orc warrior but do no damage.
The orc wizard barely misses you.
The orc warrior hits you with a +0 hand axe!
You die...

#.##########.###.#
#..#...........Z.#
#............###.#
#.##.#######.#
#....#######.#
.............#####
#..........(......#
#............oo...#
#$..##.##....@....#
#..## ..##....#####
##...#### #......
#.....# #.....+
#.....# ###
##.....#
#.#####.#.....#


You could see an orc warrior and an orc wizard.

Vanquished Creatures
  Eustachio (D:5)
  3 ice beasts
  2 centaurs
  A wight (D:6)
  A howler monkey (D:4)
  A quasit (D:7)
  3 jellies
  2 orc priests
  3 hounds
  A bullfrog skeleton (D:6)
  A centaur skeleton (D:5)
  An iguana (D:6)
  An orc wizard (D:7)
  2 worker ants
  2 hound zombies
  4 gnolls (D:6)
  4 adders
  A shadow imp (D:6)
  A white imp (D:6)
  An ufetubus (D:6)
  An adder zombie (D:6)
  2 adder skeletons
  2 worms
  A dart slug (D:2)
  4 leopard geckos
  13 orcs
  A ball python (D:7)
  4 giant cockroaches
  8 goblins
  5 hobgoblins
  8 jackals
  3 kobolds
  5 quokkas
  2 bats
  3 frilled lizards
  2 leopard gecko skeletons
  4 rats
104 creatures vanquished.

Notes
Turn   | Place    | Note
-------+----------+-------------------------------------------
     0 | D:5      | jasper the Demonspawn Delver began the quest for the Orb.
     0 | D:5      | Reached XP level 1. HP: 18/18 MP: 1/1
    17 | D:4      | Noticed a worker ant
   154 | D:3      | Reached skill level 2 in Axes
   342 | D:2      | Gained mutation: Spells you cast may paralyse adjacent
                  | enemies. [demonic ancestry]
   342 | D:2      | Reached XP level 2. HP: 14/24 MP: 2/2
  1365 | D:1      | Reached skill level 3 in Axes
  1918 | D:1      | Gained mutation: You are partially covered in molten
                  | scales. (AC +2) [demonic ancestry]
  1918 | D:1      | Reached XP level 3. HP: 29/29 MP: 3/3
  1964 | D:2      | HP: 1/29 [poisoned by a kobold]
  2797 | D:2      | Found an opulent altar of Gozag.
  3387 | D:2      | Reached skill level 4 in Axes
  3387 | D:2      | Gained mutation: You are mostly covered in molten scales.
                  | (AC +3) [demonic ancestry]
  3387 | D:2      | Reached XP level 4. HP: 21/35 MP: 4/4
  3629 | D:3      | Noticed Sigmund
  3696 | D:4      | Noticed a phantom
  3702 | D:3      | Reached skill level 5 in Axes
  3702 | D:3      | Reached XP level 5. HP: 38/41 MP: 5/5
  3978 | D:5      | Noticed Eustachio
  3993 | D:5      | Killed Eustachio
  3994 | D:5      | Reached skill level 1 in Armour
  3994 | D:5      | Reached XP level 6. HP: 4/47 MP: 6/6
  4602 | D:5      | Found a staircase to the Ecumenical Temple.
  4610 | Temple   | Entered the Ecumenical Temple
  4747 | Temple   | Became a worshipper of Warmaster Okawaru
  4797 | D:5      | Noticed an ice beast
  4806 | D:5      | Killed an ice beast
  4807 | D:5      | Reached skill level 6 in Axes
  4807 | D:5      | Gained mutation: You are completely covered in molten
                  | scales. (AC +4, rF+) [demonic ancestry]
  4807 | D:5      | Reached XP level 7. HP: 44/53 MP: 7/7
  5833 | D:6      | Found an ornate altar of the Wu Jian Council.
  5847 | D:6      | Found a blossoming altar of Fedhas.
  6159 | D:6      | Reached * piety under Okawaru
  6350 | D:6      | Reached XP level 8. HP: 43/61 MP: 5/8
  6609 | D:6      | Found a shadowy altar of Dithmenos.
  6826 | D:6      | Reached skill level 7 in Axes
  6851 | D:6      | Reached ** piety under Okawaru
  7863 | D:7      | HP: 3/61 [something (4)]
  8176 | D:7      | Slain by an orc warrior

Illustrated notes

Levels and vault maps discovered:
D:1:      arrival_zaba_pyramid, layout_basic
D:2:      layout_loops_ring, serial_rivers, chequers_serial_rivers_room_b,
          chequers_serial_rivers_large_a, chequers_serial_rivers_micro_b,
          chequers_serial_rivers_room_b, nicolae_gozag_seed_capital
D:3:      layout_loops_ring, uniq_sigmund
D:4:      layout_cave_pools, cheibriados_altar_1,
          grunt_dithmenos_smoke_and_mirrors
D:5:      layout_loops_ring, temple_fountains, uniq_eustachio
D:6:      minmay_chambers_of_threes, layout_loops_ring,
          overflow_temple_1_default, minitemple
D:7:      layout_basic, lemuel_round_altar, worms_lemuel
D:8:      layout_cave_pools, kennysheep_little_box
Temple:   nicolae_temple_elliptical

Skill      XL: |  1  2  3  4  5  6  7  8 |
---------------+-------------------------+-----
Axes           | 2 3 4 5 6 7 |  7.3
Armour         | 1 2 3 |  3.2
Dodging        | 2 3 |  3.8
Fighting       | 4 |  4.8
Stealth        | |  4.5

Action                   |  1- 3 |  4- 6 |  7- 9 || total
-------------------------+-------+-------+-------++-------
Melee: Hand axe          |   167 |    27 |       ||   194
       Short sword       |     6 |    15 |       ||    21
       War axe           |       |    22 |   233 ||   255
Throw: Boomerang         |    14 |    27 |    75 ||   116
Invok: Heroism           |       |       |     6 ||     6
Evoke: Wand              |     2 |       |       ||     2
  Use: Scroll            |     5 |     1 |     4 ||    10
       Potion            |     2 |     3 |     2 ||     7
 Stab: Sleeping          |    10 |     1 |     1 ||    12
Armor: Leather armour    |    54 |    33 |   121 ||   208
Dodge: Dodged            |   110 |    71 |   173 ||   354

Table legend: (Time is in decaauts)
 A = Elapsed time spent in this place.
 B = Non-inter-level travel time spent in this place.
 C = Inter-level travel time spent in this place.
 D = Time resting spent in this place.
 E = Time spent auto-exploring this place.
 F = Levels seen in this place.
 G = Mean time per level.
                   A        B        C        D        E       F      G
               +--------+--------+--------+--------+--------+-----+--------+
         Total |   8268 |   8099 |    169 |   3113 |   3416 |   9 |  918.7 |
       Dungeon |   8118 |   7961 |    157 |   3113 |   3289 |   8 | 1014.8 |
        Temple |    150 |    138 |     12 |      0 |    127 |   1 |  150.0 |
               +--------+--------+--------+--------+--------+-----+--------+

Top non-repeatable levels by time:
     D:1: 2131 daAuts
     D:6: 2069 daAuts
     D:5: 1220 daAuts
     D:2: 1137 daAuts
     D:7: 997 daAuts
     D:3: 413 daAuts
  Temple: 150 daAuts
     D:4: 137 daAuts
     D:8: 10 daAuts
